 Dungeon Crawl Stone Soup version 0.20.1-1-g8b1a95d (webtiles) character file.

90 HuneSparrow the Covered (level 4, -2/35 HPs)
             Began as a Demonspawn Fighter on July 30, 2017.
             Slain by a gnoll sergeant
             ... wielding a +2 spear of flaming
              (8 damage)
             ... on level 3 of the Dungeon.
             The game lasted 00:03:33 (1278 turns).

HuneSparrow the Covered (Demonspawn Fighter)        Turns: 1278, Time: 00:03:34

Health: -2/35      AC:  6    Str: 17    XL:     4   Next: 32%
Magic:  0/4        EV:  7    Int:  9    God:
Gold:   75         SH:  9    Dex: 13    Spells: 3/3 levels left

rFire    . . .     SeeInvis .   a - +0 long sword
rCold    . . .     Gourm    .   c - +0 shield
rNeg     . . .     Faith    .   b - +0 scale mail
rPois    .         Spirit   +   (no helmet)
rElec    .         Reflect  .   (no cloak)
rCorr    .         Harm     .   (no gloves)
MR       .....                  (no boots)
Stlth    ..........             (no amulet)
Regen    0.2/turn               l - ring of flight
MPRegen  0.1/turn               (no ring)

@: no status effects
A: magic shield, sturdy frame 1
a: Evoke Flight


You were on level 3 of the Dungeon.
You were not hungry.

You visited 1 branch of the dungeon, and saw 3 of its levels.

You collected 75 gold pieces.

Inventory:

Hand Weapons
 a - a +0 long sword (weapon)
Armour
 b - a +0 scale mail (worn)
 c - a +0 shield (worn)
Jewellery
 l - a ring of flight (left hand)
Scrolls
 h - a scroll of enchant armour {unknown}
 i - 2 scrolls of random uselessness {unknown}
 j - a scroll of teleportation {unknown}
 k - a scroll of magic mapping {unknown}
 o - a scroll of identify {unknown}
Potions
 d - a potion of might
 e - 2 potions of agility {unknown}
 g - 2 potions of flight {unknown}
 n - a potion of lignification {unknown}
Comestibles
 f - 5 bread rations
 m - 2 chunks of flesh


   Skills:
 + Level 3.4 Fighting
 * Level 2.6 Long Blades
 + Level 3.4 Armour
 + Level 3.2 Shields


You had 3 spell levels left.
You didn't know any spells.

Dungeon Overview and Level Annotations

Branches:
Dungeon (3/15)

Altars:
Nemelex Xobeh


Innate Abilities, Weirdness & Mutations

When hurt, damage is shared between your health and your magic reserves.
Your movements are slightly less encumbered by armour. (ER -2)


Message History

The gnoll sergeant burns you.
The gnoll sergeant hits you with a spear of flaming.
* * * LOW HITPOINT WARNING * * *
The gnoll sergeant burns you.
You closely miss the gnoll sergeant.
The gnoll sergeant is lightly wounded.
The gnoll sergeant hits you with a spear of flaming.
* * * LOW HITPOINT WARNING * * *
The gnoll sergeant burns you.
* * * LOW HITPOINT WARNING * * *
You hit the gnoll sergeant.
The gnoll sergeant is moderately wounded.
The gnoll sergeant hits you but does no damage.
You hit the gnoll sergeant but do no damage.
The gnoll sergeant is moderately wounded.
You block the gnoll sergeant's attack.
Your shield and scale mail prevent you from hitting the gnoll sergeant.
The gnoll sergeant is moderately wounded.
The gnoll sergeant hits you with a spear of flaming!
You die...

###. #########...
#.!..(....# #
#.........# #.
#.......!.#
#.####g........###.
#...@ggg...........
###.##g.........#.
##.###########.#
#....# # #..##>##
#.# #.># .# #. ##.#
.# .. #.# .[## ..
#.### .(...


You could see a gnoll sergeant and 4 gnolls.

Vanquished Creatures
  Terence (D:2)
  2 adders (D:2)
  2 oozes (D:1)
  3 dart slugs
  A leopard gecko (D:3)
  A ball python (D:1)
  A giant cockroach (D:3)
  2 goblins
  7 hobgoblins
  4 bats
  2 frilled lizards
  3 kobolds (D:2)
  4 rats
33 creatures vanquished.

Notes
Turn   | Place    | Note
-------+----------+-------------------------------------------
     0 | D:1      | HuneSparrow the Demonspawn Fighter began the quest for the Orb.
     0 | D:1      | Reached XP level 1. HP: 18/18 MP: 1/1
    72 | D:1      | Gained mutation: When hurt, damage is shared between your health and your magic reserves. [demonic ancestry]
    72 | D:1      | Reached XP level 2. HP: 23/24 MP: 2/2
   564 | D:2      | Gained mutation: Your movements are slightly less encumbered by armour. (ER -2) [demonic ancestry]
   564 | D:2      | Reached XP level 3. HP: 22/29 MP: 1/3
   584 | D:2      | Noticed Terence
   597 | D:2      | Killed Terence
   816 | D:2      | Reached XP level 4. HP: 34/35 MP: 4/4
   873 | D:2      | Found a sparkling altar of Nemelex Xobeh.
  1259 | D:3      | Noticed a gnoll sergeant
  1278 | D:3      | Slain by a gnoll sergeant

Skill      XL: |  1  2 |
---------------+-------+-----
Armour         | 3 |  3.4
Shields        | 3 |  3.2
Long Blades    | 2 |  2.6
Fighting       | |  3.4

Action                   |  1- 3 |  4- 6 || total
-------------------------+-------+-------++-------
Melee: Long sword        |    77 |    48 ||   125
  Eat: Chunk             |       |     1 ||     1
Armor: Scale mail        |    37 |    16 ||    53
Dodge: Dodged            |    19 |    17 ||    36
Block: Shield            |    41 |    20 ||    61
       Rpst.: Long sword |     3 |     5 ||     8
